General information
- name: BNet
- type: Ladder team game (AT/RT)
- host: Battle.net
- saver: CivilizedWorm
map: Cherryville
- players: 8
- length: 37:46
- speed: Fast
- version: 1.26 W3XP
- replay type: Public
» download(173 KB)
Players
team 1 (loser)
Y_RILEYCOOPER_Y (
yellow | 44 APM | 1655 actions | 37:46)
5 Paladin
3 Holy Light
1 Divine Shield
1 Devotion Aura
» actions
| Assign group hotkey | 31 | |
| Basic commands | 127 | |
| Build / train | 102 | |
| Enter build submenu | 21 | |
| Enter hero's abilities submenu | 6 | |
| Give item / drop item | 6 | |
| Right click | 537 | |
| Select / deselect | 277 | |
| Select group hotkey | 431 | |
| Use ability | 116 | |
1655 total
» units
| Peasant | 18 | |
| Sorceress | 3 | |
| Siege Engine | 8 | |
| Goblin Sapper | 4 | |
| Flying Machine | 9 | |
| Goblin Zeppelin | 1 | |
43 total
» upgrades
| Masonry | 3 | |
| Lumber Harvesting | 2 | |
| Sorceress Training | 2 | |
| Barrage | 1 | |
| Gunpowder | 2 | |
| Plating | 2 | |
| Flying Machine Bombs | 1 | |
| Flak Cannons | 1 | |
| Magic Sentry | 1 | |
| Priest Training | 1 | |
16 total
» buildings
| Altar of Kings | 1 | |
| Farm | 9 | |
| Scout Tower | 14 | |
| Arcane Tower | 1 | |
| Lumber Mill | 1 | |
| Arcane Vault | 3 | |
| Guard Tower | 7 | |
| Town Hall | 1 | |
| Keep | 2 | |
| Castle | 3 | |
| Blacksmith | 1 | |
| Arcane Sanctum | 1 | |
| Workshop | 3 | |
47 total
» build order
00:17 Altar of Kings
00:23 Farm
00:38 Scout Tower
01:06 Farm
01:09 Arcane Tower
01:31 Lumber Mill
01:54 Farm
01:58 Scout Tower
02:13 Arcane Vault
02:32 Guard Tower
02:38 Scout Tower
02:38 Scout Tower
03:13 Guard Tower
04:44 Town Hall
04:47 Scout Tower
04:47 Scout Tower
04:47 Scout Tower
04:49 Scout Tower
04:49 Scout Tower
05:17 Guard Tower
06:10 Guard Tower
06:11 Keep
07:41 Keep
08:28 Scout Tower
08:28 Scout Tower
08:29 Scout Tower
08:29 Scout Tower
08:30 Scout Tower
09:12 Guard Tower
09:32 Castle
09:34 Guard Tower
09:40 Farm
09:40 Farm
09:53 Arcane Vault
11:11 Castle
11:17 Blacksmith
12:01 Arcane Sanctum
12:35 Workshop
14:14 Arcane Vault
14:19 Workshop
17:20 Workshop
18:17 Farm
18:18 Farm
18:19 Farm
» items
| Mechanical Critter | 2 | |
| Scroll of Regeneration | 2 | |
| Staff of Teleportation | 1 | |
| Boots of Speed | 1 | |
| Healing Salve | 1 | |
| Lesser Clarity Potion | 1 | |
| Potion of Mana | 6 | |
| Scroll of Town Portal | 4 | |
| Potion of Lesser Invulnerability | 1 | |
| Potion of Healing | 1 | |
| Potion of Invisibility | 1 | |
21 total
AkaM80TheWolf (
green | 37 APM | 1407 actions | 37:46)
7 Archmage
3 Summon Water Elemental
3 Brilliance Aura
1 Mass Teleport
» actions
| Assign group hotkey | 25 | |
| Basic commands | 148 | |
| Build / train | 53 | |
| Enter build submenu | 40 | |
| Enter hero's abilities submenu | 7 | |
| Give item / drop item | 9 | |
| Right click | 509 | |
| Select / deselect | 307 | |
| Select group hotkey | 131 | |
| Use ability | 178 | |
1407 total
» units
| Peasant | 12 | |
| Footman | 5 | |
| Goblin Shredder | 2 | |
| Gryphon Rider | 2 | |
| Goblin Sapper | 2 | |
23 total
» upgrades
| Masonry | 2 | |
| Animal War Training | 1 | |
| Swords | 3 | |
| Armor | 3 | |
| Storm Hammers | 1 | |
| Cloud | 1 | |
11 total
» buildings
| Altar of Kings | 1 | |
| Barracks | 1 | |
| Farm | 5 | |
| Keep | 1 | |
| Town Hall | 2 | |
| Lumber Mill | 1 | |
| Scout Tower | 19 | |
| Castle | 1 | |
| Arcane Vault | 1 | |
| Guard Tower | 4 | |
| Gryphon Aviary | 5 | |
| Blacksmith | 2 | |
43 total
» build order
00:36 Altar of Kings
00:47 Barracks
00:53 Farm
00:54 Farm
01:07 Farm
02:05 Farm
03:18 Keep
04:01 Town Hall
04:28 Lumber Mill
04:37 Scout Tower
04:39 Scout Tower
04:41 Scout Tower
04:43 Scout Tower
06:21 Farm
06:25 Castle
07:24 Arcane Vault
07:32 Guard Tower
08:38 Town Hall
08:40 Scout Tower
08:41 Scout Tower
08:41 Scout Tower
08:41 Scout Tower
09:21 Gryphon Aviary
09:24 Gryphon Aviary
09:27 Gryphon Aviary
09:30 Gryphon Aviary
09:52 Gryphon Aviary
09:57 Blacksmith
10:00 Blacksmith
10:36 Guard Tower
12:36 Scout Tower
12:36 Scout Tower
12:38 Scout Tower
12:38 Scout Tower
12:46 Scout Tower
12:47 Scout Tower
15:20 Scout Tower
15:22 Scout Tower
15:24 Scout Tower
15:25 Scout Tower
15:28 Scout Tower
18:36 Guard Tower
21:36 Guard Tower
» items
| Healing Salve | 1 | |
| Scroll of Regeneration | 1 | |
| Periapt of Vitality | 2 | |
| Scroll of Healing | 1 | |
5 total
Fiery_WA (
orange | 15 APM | 505 actions | 33:05)
4 Blademaster
1 Wind Walk
1 Mirror Image
2 Critical Strike
» actions
| Basic commands | 9 | |
| Build / train | 45 | |
| ESC pressed | 1 | |
| Enter build submenu | 17 | |
| Enter hero's abilities submenu | 4 | |
| Right click | 242 | |
| Select / deselect | 144 | |
| Use ability | 43 | |
505 total
» units
| Peon | 10 | |
| Grunt | 4 | |
| Demolisher | 1 | |
| Wind Rider | 9 | |
| Troll Witch Doctor | 2 | |
| Shaman | 2 | |
28 total
» upgrades
| Pillage | 1 | |
| Envenomed Spears | 1 | |
| Witch Doctor Training | 2 | |
| Shaman Training | 2 | |
6 total
» buildings
| Altar of Storms | 2 | |
| Orc Burrow | 6 | |
| War Mill | 1 | |
| Barracks | 1 | |
| Stronghold | 1 | |
| Voodoo Lounge | 1 | |
| Beastiary | 1 | |
| Fortress | 1 | |
| Great Hall | 3 | |
| Spirit Lodge | 1 | |
18 total
» build order
00:10 Altar of Storms
00:15 Orc Burrow
01:16 War Mill
01:29 Barracks
01:51 Orc Burrow
03:16 Stronghold
04:57 Orc Burrow
05:07 Voodoo Lounge
06:06 Beastiary
06:27 Orc Burrow
06:30 Fortress
08:38 Great Hall
10:14 Spirit Lodge
10:44 Great Hall
19:55 Orc Burrow
20:46 Orc Burrow
24:46 Great Hall
24:55 Altar of Storms
» items
| Healing Salve | 1 | |
| Orb of Lightning | 1 | |
| Scroll of Town Portal | 2 | |
4 total

»
kronikgreen (
blue | 33 APM | 785 actions | 23:53)
6 Blademaster
1 Wind Walk
3 Mirror Image
1 Critical Strike
1 Bladestorm
» actions
| Build / train | 61 | |
| Enter build submenu | 12 | |
| Enter hero's abilities submenu | 6 | |
| Give item / drop item | 1 | |
| Right click | 423 | |
| Select / deselect | 232 | |
| Use ability | 50 | |
785 total
» units
» upgrades
| Spiked Barricades | 3 | |
| Ranged Weapons | 3 | |
| Envenomed Spears | 1 | |
| Reinforced Defenses | 1 | |
| Armor | 1 | |
9 total
» buildings
| Altar of Storms | 1 | |
| Orc Burrow | 7 | |
| Stronghold | 1 | |
| War Mill | 1 | |
| Voodoo Lounge | 1 | |
| Fortress | 1 | |
| Beastiary | 2 | |
14 total
» build order
00:09 Altar of Storms
00:13 Orc Burrow
02:18 Stronghold
02:34 War Mill
02:40 Orc Burrow
02:46 Voodoo Lounge
04:46 Fortress
04:52 Beastiary
04:56 Beastiary
05:12 Orc Burrow
06:09 Orc Burrow
07:40 Orc Burrow
14:30 Orc Burrow
14:37 Orc Burrow
» items
| Healing Salve | 1 | |
| Lesser Clarity Potion | 1 | |
| Tiny Great Hall | 1 | |
3 total
team 2 (winner)
CivilizedWorm (
purple | 87 APM | 3294 actions | 37:46)
8 Blood Mage
3 Flame Strike
3 Siphon Mana
1 Summon Phoenix
1 Banish
» actions
| Assign group hotkey | 143 | |
| Basic commands | 290 | |
| Build / train | 179 | |
| ESC pressed | 4 | |
| Enter build submenu | 40 | |
| Enter hero's abilities submenu | 8 | |
| Give item / drop item | 7 | |
| Right click | 1127 | |
| Select / deselect | 349 | |
| Select group hotkey | 983 | |
| Use ability | 164 | |
3294 total
» units
| Peasant | 16 | |
| Footman | 4 | |
| Goblin Shredder | 3 | |
| Sorceress | 1 | |
| Dragonhawk Rider | 3 | |
| Goblin Sapper | 5 | |
| Gryphon Rider | 4 | |
| Goblin Zeppelin | 3 | |
39 total
» upgrades
| Masonry | 3 | |
| Swords | 3 | |
| Lumber Harvesting | 2 | |
| Armor | 4 | |
| Animal War Training | 1 | |
| Sorceress Training | 1 | |
| Magic Sentry | 1 | |
| Backpack | 1 | |
| Storm Hammers | 1 | |
| Cloud | 1 | |
| Spiked Barricades | 1 | |
| Ranged Weapons | 1 | |
| Melee Weapons | 1 | |
21 total
» buildings
| Altar of Kings | 1 | |
| Barracks | 1 | |
| Farm | 6 | |
| Arcane Vault | 1 | |
| Lumber Mill | 1 | |
| Town Hall | 3 | |
| Keep | 5 | |
| Scout Tower | 22 | |
| Guard Tower | 42 | |
| Blacksmith | 1 | |
| Castle | 7 | |
| Arcane Sanctum | 1 | |
| Gryphon Aviary | 2 | |
| Spirit Tower | 4 | |
97 total
» build order
00:55 Altar of Kings
00:56 Barracks
00:58 Farm
01:07 Farm
01:43 Farm
02:21 Farm
02:25 Arcane Vault
02:39 Lumber Mill
05:26 Town Hall
05:26 Keep
05:26 Keep
05:26 Keep
05:33 Scout Tower
05:34 Scout Tower
05:36 Scout Tower
05:38 Scout Tower
06:24 Guard Tower
07:03 Blacksmith
08:10 Castle
08:11 Castle
09:30 Guard Tower
09:30 Guard Tower
09:30 Guard Tower
09:31 Guard Tower
09:31 Guard Tower
09:31 Guard Tower
09:32 Guard Tower
09:33 Guard Tower
10:56 Arcane Sanctum
11:07 Gryphon Aviary
11:09 Gryphon Aviary
12:01 Scout Tower
12:02 Scout Tower
12:03 Scout Tower
12:06 Scout Tower
12:06 Scout Tower
12:19 Scout Tower
12:22 Scout Tower
12:23 Scout Tower
12:56 Guard Tower
12:56 Guard Tower
13:02 Guard Tower
13:02 Guard Tower
13:02 Guard Tower
13:04 Guard Tower
13:04 Guard Tower
13:07 Guard Tower
13:07 Guard Tower
13:08 Guard Tower
17:02 Scout Tower
17:02 Scout Tower
17:03 Scout Tower
17:05 Scout Tower
17:06 Scout Tower
17:35 Guard Tower
17:36 Guard Tower
17:36 Guard Tower
19:19 Town Hall
25:02 Town Hall
26:29 Spirit Tower
26:29 Spirit Tower
26:29 Spirit Tower
26:30 Spirit Tower
26:50 Farm
26:51 Farm
27:40 Scout Tower
27:42 Scout Tower
27:43 Scout Tower
27:45 Scout Tower
27:46 Scout Tower
28:16 Guard Tower
28:16 Guard Tower
28:16 Guard Tower
28:16 Guard Tower
28:17 Guard Tower
28:17 Guard Tower
28:17 Guard Tower
» items
| Scroll of Regeneration | 7 | |
| Ivory Tower | 4 | |
| Staff of Teleportation | 1 | |
| Potion of Invisibility | 2 | |
| Boots of Speed | 1 | |
| Lesser Clarity Potion | 2 | |
| Scroll of Town Portal | 1 | |
| Staff of Sanctuary | 1 | |
19 total

»
ToscheStation (
pink | 19 APM | 734 actions | 37:46)
4 Archmage
2 Brilliance Aura
2 Summon Water Elemental
» actions
| Basic commands | 14 | |
| Build / train | 78 | |
| Enter build submenu | 17 | |
| Enter hero's abilities submenu | 4 | |
| Give item / drop item | 1 | |
| Remove unit from queue | 3 | |
| Right click | 388 | |
| Select / deselect | 185 | |
| Use ability | 44 | |
734 total
» units
| Peasant | 9 | |
| Footman | 17 | |
| Rifleman | 11 | |
| Mortar Team | 5 | |
| Priest | 7 | |
| Knight | -1 | |
| Frost Wyrm | 1 | |
49 total
» upgrades
| Plating | 2 | |
| Gunpowder | 2 | |
| Armor | 1 | |
| Swords | 1 | |
| Long Rifles | 1 | |
| Priest Training | 2 | |
| Lumber Harvesting | 1 | |
10 total
» buildings
| Altar of Kings | 1 | |
| Farm | 11 | |
| Barracks | 1 | |
| Lumber Mill | 1 | |
| Keep | 1 | |
| Blacksmith | 1 | |
| Arcane Vault | 1 | |
| Castle | 1 | |
| Scout Tower | 6 | |
| Guard Tower | 4 | |
| Workshop | 1 | |
| Arcane Sanctum | 1 | |
| Cannon Tower | 1 | |
| Town Hall | 1 | |
32 total
» build order
00:12 Altar of Kings
00:17 Farm
00:37 Barracks
01:04 Farm
01:28 Lumber Mill
01:50 Farm
03:29 Farm
03:30 Farm
03:32 Farm
04:52 Keep
06:49 Blacksmith
07:02 Arcane Vault
07:42 Castle
08:16 Farm
08:16 Farm
08:16 Farm
08:21 Scout Tower
08:22 Scout Tower
08:22 Scout Tower
08:23 Scout Tower
09:17 Guard Tower
10:01 Guard Tower
10:03 Guard Tower
10:27 Workshop
10:33 Arcane Sanctum
11:00 Guard Tower
13:08 Scout Tower
13:09 Scout Tower
13:12 Farm
13:13 Farm
14:07 Cannon Tower
15:57 Town Hall
» items
| Scroll of Town Portal | 2 | |
| Potion of Healing | 1 | |
| Scroll of Speed | 1 | |
4 total
C0keB0y (
teal | 43 APM | 693 actions | 16:04)
2 Dreadlord
1 Vampiric Aura
1 Carrion Swarm
» actions
| Build / train | 71 | |
| Enter build submenu | 23 | |
| Enter hero's abilities submenu | 2 | |
| Right click | 424 | |
| Select / deselect | 143 | |
| Use ability | 30 | |
693 total
» units
| Acolyte | 3 | |
| Ghoul | 28 | |
| Grunt | 2 | |
| Troll Headhunter/Berserker | 10 | |
| Gargoyle | 10 | |
| Frost Wyrm | 5 | |
58 total
» upgrades
| Backpack | 1 | |
| Creature Attack | 2 | |
| Creature Carapace | 2 | |
| Freezing Breath | 1 | |
6 total
» buildings
| Ziggurat | 5 | |
| Crypt | 1 | |
| Altar of Darkness | 1 | |
| Tomb of Relics | 1 | |
| Halls of the Dead | 1 | |
| Graveyard | 1 | |
| Orc Burrow | 2 | |
| Black Citadel | 1 | |
| Sacrificial Pit | 1 | |
| Stronghold | 1 | |
| Boneyard | 4 | |
19 total
» build order
00:15 Ziggurat
00:19 Crypt
00:48 Altar of Darkness
01:01 Ziggurat
01:17 Tomb of Relics
02:04 Ziggurat
03:53 Halls of the Dead
03:57 Graveyard
04:00 Ziggurat
04:51 Ziggurat
05:04 Orc Burrow
05:06 Orc Burrow
07:03 Black Citadel
08:54 Sacrificial Pit
09:36 Stronghold
09:49 Boneyard
09:51 Boneyard
09:54 Boneyard
09:57 Boneyard
» items

»
qball (
red | 21 APM | 73 actions | 03:26)
1 Blademaster
1 Wind Walk
» actions
| Assign group hotkey | 1 | |
| Basic commands | 6 | |
| Build / train | 11 | |
| Enter build submenu | 6 | |
| Enter hero's abilities submenu | 1 | |
| Right click | 7 | |
| Select / deselect | 34 | |
| Select group hotkey | 1 | |
| Use ability | 6 | |
73 total
» units
» buildings
| Altar of Storms | 1 | |
| Orc Burrow | 2 | |
| Barracks | 1 | |
| Voodoo Lounge | 1 | |
| War Mill | 1 | |
6 total
» build order
00:11 Altar of Storms
00:18 Orc Burrow
00:37 Barracks
01:26 Voodoo Lounge
01:53 Orc Burrow
02:32 War Mill
Chat log
(00:24 / Allies) C0keB0y: rush?
(00:27 / Allies) qball: sure
(00:39 / Allies) CivilizedWorm: It's an 11 year old game, why are you playing for record you insufferable faggot
(00:52 / Allies) qball: ?
(00:55 / Allies) ToscheStation: goodness, me
(02:47 / Allies) qball: so we are rushing right?
(02:53 / Allies) C0keB0y: ye
(02:57 / Allies) CivilizedWorm: You two can
(03:02 / Allies) CivilizedWorm: I don't play for record in an 11 year old game
(03:23 / Allies) qball: you know want to play with an asininine tard like you ahve fun
(03:28 / All) AkaM80TheWolf: whoops
(03:32 / All) CivilizedWorm: He left since I said i'm not rushing
(03:44 / All) CivilizedWorm: and called me an asinine tard since I said I don't play for record in an 11 year old game
(03:50 / Allies) C0keB0y: whata pusy
(06:07 / All) AkaM80TheWolf: fiery's carpet matches her curtains
(07:32 / All) Y_RILEYCOOPER_Y: noob incoming
(08:56 / All) AkaM80TheWolf: lmao
(09:00 / All) AkaM80TheWolf: uninstall
(09:05 / All) CivilizedWorm: Did he lose every ghoul
(09:06 / All) CivilizedWorm: LOL
(09:08 / All) AkaM80TheWolf: tp level 1 hero lol
(09:16 / All) Y_RILEYCOOPER_Y: i feel bad for him
(10:09 / All) CivilizedWorm: FUCKING LAG ALWAYS WHEN I NEED TO MICRO
(11:38 / All) Y_RILEYCOOPER_Y: fuck
(11:50 / All) Y_RILEYCOOPER_Y: its fucking verizon
(12:22 / All) Y_RILEYCOOPER_Y: im suggesting verizon is fucking my ass
(12:59 / All) AkaM80TheWolf: teal what would you say if I told you that you are the worst player I have ever met?
(13:11 / All) Y_RILEYCOOPER_Y: LOL
(13:17 / All) CivilizedWorm: He has 4 boneyards and a crypt on 1 base what the fuck
(13:32 / All) CivilizedWorm: mass ghoul rush to 4 boneyard 1 crypt frost/garg on 1 base transition
(13:37 / All) CivilizedWorm: not going to lie that is hilarious
(13:43 / All) AkaM80TheWolf: a thousand zzzs
(13:56 / All) Y_RILEYCOOPER_Y: this internet is so shit
(14:53 / All) AkaM80TheWolf: lol exodus of the peons
(15:01 / All) CivilizedWorm: wyrm expo creeping
(15:02 / All) CivilizedWorm: STANDARD
(15:34 / All) AkaM80TheWolf: I might need dhawk
(16:00 / All) Y_RILEYCOOPER_Y: my god
(16:02 / All) AkaM80TheWolf: Teal you are so fucked lol
(16:08 / All) Y_RILEYCOOPER_Y: lol
(16:57 / All) Y_RILEYCOOPER_Y: i lagged so much that i didnt even see the sappers kill teals gold mine
(17:03 / Allies) ToscheStation: purp
(17:10 / Allies) ToscheStation: gold please
(17:17 / Allies) CivilizedWorm: No you're shit at the game
(17:17 / Allies) ToscheStation: you got like 6 k
(17:31 / Allies) CivilizedWorm: Yes I do and I need it
(17:39 / Allies) ToscheStation: help me out bro
(17:53 / All) Y_RILEYCOOPER_Y: kik'
(17:58 / All) Y_RILEYCOOPER_Y: lunar donkiey one was pretty bad
(18:10 / All) AkaM80TheWolf: lol all the mirror images and pro mirror image surround
(18:46 / All) Y_RILEYCOOPER_Y: does pink get a particpation award
(19:09 / All) AkaM80TheWolf: Unrequited love is something I won't accept
(19:10 / All) ToscheStation: you got that lag award tho
(19:11 / All) AkaM80TheWolf: Love me or die
(19:16 / All) Y_RILEYCOOPER_Y: are u really married orange
(19:31 / All) AkaM80TheWolf: LOVE ME OR DIE BITCH
(20:55 / All) Y_RILEYCOOPER_Y: what
(21:08 / All) Y_RILEYCOOPER_Y: FOR GEORGE W BUSH
(21:28 / All) Y_RILEYCOOPER_Y: LOLER
(22:18 / All) Y_RILEYCOOPER_Y: LAWLER
(22:54 / All) ToscheStation: LOL
(23:00 / All) Y_RILEYCOOPER_Y: FOR ROME
(23:09 / All) kronikgreen: they completly killed me
(23:12 / All) kronikgreen: base and everything
(23:17 / All) kronikgreen: i havent said 1 word all game
(23:25 / All) kronikgreen: idk what you faggots have been talking about
(23:27 / All) AkaM80TheWolf: because I asked if you loved me
(23:29 / All) AkaM80TheWolf: you said "fuck you"
(23:32 / All) kronikgreen: but thats pretty fucking stupid
(23:38 / All) Y_RILEYCOOPER_Y: WHO
(23:38 / All) kronikgreen: thats after ou killed my base
(23:46 / All) AkaM80TheWolf: Better to be feared than loved I guess
(23:49 / All) kronikgreen: I SAID FUCK YOU AFTER I GOT KILLED
(23:54 / All) AkaM80TheWolf: You didn't respect my power so y ou never loved me
(24:07 / All) CivilizedWorm: Fiery_WA looks familiar
(24:23 / All) AkaM80TheWolf: I raped her with blademaster years ago
(24:28 / All) AkaM80TheWolf: one blademaster vs her whole team
(24:37 / All) AkaM80TheWolf: you would ahve thought I had maphack I had such mapcontrol
(24:42 / All) AkaM80TheWolf: they couldn't get an expansion down
(25:50 / All) CivilizedWorm: Oh pink is still here
(25:59 / All) CivilizedWorm: standoff I suppose since he won't leave
(26:01 / All) AkaM80TheWolf: oh
(26:07 / All) Y_RILEYCOOPER_Y: oj would probably
(26:11 / All) AkaM80TheWolf: Yes
(26:17 / All) AkaM80TheWolf: This might break records, depends on pink
(26:26 / All) Y_RILEYCOOPER_Y: oj would stay?
(26:30 / All) AkaM80TheWolf: Pink almost got a win
(26:36 / All) AkaM80TheWolf: I thought your whole side left
(26:41 / All) CivilizedWorm: Me too
(26:50 / All) Y_RILEYCOOPER_Y: thank u for the resources orange
(28:59 / All) AkaM80TheWolf: stop the wyrm
(29:09 / All) AkaM80TheWolf: standoff
(29:10 / All) ToscheStation: omg
(29:10 / All) CivilizedWorm: What wyrm
(29:22 / All) AkaM80TheWolf: that I was pinging
(29:24 / All) ToscheStation: why did you do that\
(29:28 / All) Y_RILEYCOOPER_Y: what is gonna happen
(29:46 / All) ToscheStation: \
(30:03 / All) Fiery_WA: bunch of basing noobs
(30:11 / All) Y_RILEYCOOPER_Y: pink vs orange
(30:14 / All) CivilizedWorm: Alright listen up
(30:17 / All) Fiery_WA: take em out guys
(30:17 / All) CivilizedWorm: We are killing everything
(30:22 / All) CivilizedWorm: including our own stuff
(30:25 / All) CivilizedWorm: No one will have forces
(30:29 / All) CivilizedWorm: Everyone has an equal chance of victory
(30:33 / All) CivilizedWorm: Neither side will be able to kill the other
(30:36 / All) Fiery_WA: they will beat u
(30:40 / All) CivilizedWorm: so last to leave leaves victorious
(30:41 / All) ToscheStation: guess how much gold purp has
(30:42 / All) CivilizedWorm: Sound fair?
(30:42 / All) Y_RILEYCOOPER_Y: very careful internet
(30:55 / All) ToscheStation: just guess
(31:03 / All) Y_RILEYCOOPER_Y: can i leave my copters
(31:06 / All) Y_RILEYCOOPER_Y: they cant hit gorund
(31:09 / All) CivilizedWorm: Will both of you leave your computers on all night for the win?
(31:13 / All) AkaM80TheWolf: sure
(31:24 / All) CivilizedWorm: We should give them playtoys more often
(31:25 / All) AkaM80TheWolf: everyone is 0/0 here
(31:28 / All) ToscheStation: dude
(31:28 / All) CivilizedWorm: I should leave a phoenix for pink
(31:29 / All) Y_RILEYCOOPER_Y: still not a good enough explanation
(31:38 / All) AkaM80TheWolf: we don't have that many towers
(31:45 / All) ToscheStation: cant even hang
(31:54 / All) Y_RILEYCOOPER_Y: hang?
(31:57 / All) AkaM80TheWolf: he could win with phoenix
(32:09 / All) CivilizedWorm: 1 dragonhawk then?
(32:18 / All) Y_RILEYCOOPER_Y: no a zep lol
(32:32 / All) AkaM80TheWolf: get a zep from both goblin shops
(32:35 / All) AkaM80TheWolf: so he can race them around
(32:40 / All) CivilizedWorm: aight
(32:41 / All) AkaM80TheWolf: and roleplay he's in a steampunk novel
(32:43 / All) Y_RILEYCOOPER_Y: both players actually
(32:45 / All) Y_RILEYCOOPER_Y: sides*
(32:57 / All) AkaM80TheWolf: yeah one for orange and one for pink
(33:02 / All) AkaM80TheWolf: they're zeppelin captans
(33:04 / All) AkaM80TheWolf: for 15 hours
(33:10 / All) CivilizedWorm: Oh
(33:12 / All) AkaM80TheWolf: awe
(33:12 / All) CivilizedWorm: Looks like he loses
(33:15 / All) Y_RILEYCOOPER_Y: fu
(33:26 / All) AkaM80TheWolf: Can't be a zepplin captain now pink sorry
(33:28 / All) Y_RILEYCOOPER_Y: u got a
(33:30 / All) Y_RILEYCOOPER_Y: peasant
(33:33 / All) Y_RILEYCOOPER_Y: all we have lft
(33:35 / All) CivilizedWorm: I got an army
(33:41 / All) Y_RILEYCOOPER_Y: oh lol
(33:45 / All) Y_RILEYCOOPER_Y: poor pink
(34:02 / All) ToscheStation: I just dont get it
(34:16 / All) ToscheStation: why am I here
(34:19 / All) Y_RILEYCOOPER_Y: what does tosche station refer to
(34:20 / All) AkaM80TheWolf: You lose what's there to get
(34:21 / All) CivilizedWorm: To get the loss
(34:22 / All) AkaM80TheWolf: yeah good question
(34:22 / All) ToscheStation: what does it all mean
(34:33 / All) AkaM80TheWolf: Pink's having an essential crisis
(34:36 / All) AkaM80TheWolf: exisistental
(34:38 / All) Y_RILEYCOOPER_Y: toschestation is from mass effect?
(34:41 / All) AkaM80TheWolf: EXISTENTIAL
(34:50 / All) AkaM80TheWolf: I'm having a spelling crisis
(34:53 / All) ToscheStation: it's a star wars reference
(35:08 / All) CivilizedWorm: lol
(35:16 / All) CivilizedWorm: Star Wars invented existentialism
(35:28 / All) Y_RILEYCOOPER_Y: where is tosche station
(35:30 / All) Y_RILEYCOOPER_Y: which movie
(35:34 / All) CivilizedWorm: George Lucas: Creator of the Existential Crisis
(35:35 / All) ToscheStation: dude
(35:37 / All) Y_RILEYCOOPER_Y: coresant?
(36:01 / All) Y_RILEYCOOPER_Y: george lucas is from modesto california
(36:03 / All) Y_RILEYCOOPER_Y: a place i grew up
(36:04 / All) Y_RILEYCOOPER_Y: too
(36:08 / All) AkaM80TheWolf: Geoge Lucas is fat
(36:08 / All) Y_RILEYCOOPER_Y: i could have been him
(36:10 / All) AkaM80TheWolf: like you
(36:11 / All) Y_RILEYCOOPER_Y: so am i
(36:33 / All) CivilizedWorm: Pink will be 23-27 now
(36:36 / All) AkaM80TheWolf: For at least 13 hours out of the day you are both consuming food
(36:43 / All) Y_RILEYCOOPER_Y: lol
(36:45 / All) AkaM80TheWolf: consider it you having brunch with Mr. Lucas
(36:47 / All) ToscheStation: dude I play this game hammered
(36:49 / All) AkaM80TheWolf: spiritually
(37:18 / All) CivilizedWorm: Any last words pink?
(37:28 / Allies) ToscheStation: it's all over
(37:36 / All) ToscheStation: ITS ALL OVER
(37:41 / All) CivilizedWorm: Yes it is